Map: Dusk Towers

Players

Miszu

  • Race: Terran Terran
  • League: Grandmaster

Snovski - Winner!

  • Race: Protoss Protoss
  • League: Master

VOD

Have the link to the VOD?

Description

Time

  • Played on: Feb. 19, 2016, 5:47 p.m.
  • Length: 4:02
Show
View Real Time Build Order
Export as new Build Order

Miszu Terran 

Build Orders:  

Get SALT Encoding   

  12  0:01  SCV  
  13  0:13  SCV  
  14  0:18  Supply Depot  
  14  0:25  SCV  
  15  0:40  SCV  
  16  0:43  Barracks  
  16  0:46  Refinery  
  16  0:52  SCV  
  17  1:05  SCV  
  18  1:18  SCV  
  20  1:35  Barracks Reactor  
  20  1:36  Orbital Command  
  20  1:39  Command Center  
  19  1:55  Supply Depot  
  19  2:02  SCV  
  20  2:12  Reaper x2  
  20  2:14  SCV  
  23  2:26  SCV  
  23  2:29  Command Center  
  24  2:38  SCV  
  25  2:44  Reaper x2  
  25  2:50  Orbital Command  
  27  2:51  SCV  
  27  2:58  Refinery  
  28  3:02  Barracks  
  28  3:04  Barracks  
  28  3:07  SCV  
  29  3:16  Marine x2  
  29  3:19  SCV  
  32  3:27  SCV  
  32  3:31  SCV  
  32  3:32  Factory  
  33  3:39  SCV  
  34  3:43  SCV  
  35  3:51  Barracks Tech Lab x2  
Show
View Real Time Build Order
Export as new Build Order

Snovski Protoss - Winner!

Build Orders: 1 Gate Expand, Oracle Opening 

Get SALT Encoding   

  12  0:01  Probe (Chrono Boost)  
  13  0:11  Probe (Chrono Boost)  
  14  0:19  Pylon  
  14  0:22  Probe (Chrono Boost)  
  15  0:38  Probe (Chrono Boost)  
  16  0:42  Gateway  
  16  0:44  Assimilator  
  16  0:48  Probe (Chrono Boost)  
  17  0:59  Probe (Chrono Boost)  
  18  1:09  Probe (Chrono Boost)  
  19  1:21  Nexus  
  19  1:24  Probe (Chrono Boost)  
  20  1:34  Cybernetics Core  
  20  1:37  Probe (Chrono Boost)  
  21  1:47  Probe (Chrono Boost)  
  21  1:49  Assimilator  
  22  1:55  Pylon  
  22  1:58  Probe (Chrono Boost)  
  23  2:13  Adept, Probe (Chrono Boost)  
  26  2:20  Stargate  
  26  2:24  Probe (Chrono Boost)  
  27  2:34  Probe x2 (Chrono Boost)  
  29  2:42  Adept  
  31  2:45  Probe x2 (Chrono Boost)  
  33  2:55  Probe x2 (Chrono Boost)  
  35  3:03  Oracle (Chrono Boost)  
  35  3:04  Probe  
  38  3:06  Probe  
  40  3:15  Probe  
  40  3:18  Probe  
  41  3:25  Probe  
  42  3:31  Mothership Core (Chrono Boost)  
  44  3:38  Probe (Chrono Boost)  
  44  3:39  Nexus  
  44  3:40  Pylon  
  45  3:45  Pylon  
  45  3:52  Twilight Council  
Tags
 
Add a new tag
Caveats
  • Supply blocks, unpowered buildings, or Contaminate may cause inaccurate times.
  • Supply counts are checked every 10 seconds.